 Dungeon Crawl Stone Soup version 0.24.0-2-g5b39cebb1c (webtiles) character file.

Game seed: 17227724271692065932, levelgen mode: deterministic

44 Esekla the Ducker (level 3, 0/24 HPs)
             Began as a Felid Skald on Oct 30, 2019.
             Succumbed to an adder's poison
             ... on level 4 of the Dungeon.
             The game lasted 00:11:36 (1864 turns).

Esekla the Ducker (Felid Skald)                     Turns: 1864, Time: 00:11:37

Health: 0/24       AC: 21    Str:  8    XL:     3   Next: 39%
Magic:  7/8        EV:  4    Int: 19    God:
Gold:   143        SH:  0    Dex: 15    Spells: 2/7 levels left
                                        Lives:  0   Deaths: 1

rFire    . . .     SeeInvis +     - Unarmed
rCold    + . .     Gourm    .   (shield unavailable)
rNeg     + + +     Faith    .   (armour unavailable)
rPois    +         Spirit   .   (helmet unavailable)
rElec    .         Reflect  .   (cloak unavailable)
rCorr    .         Harm     .   (gloves unavailable)
MR       .....     NoTele   +   (boots unavailable)
Stlth    ++........             (no amulet)
HPRegen  0.08/turn              g - ring of protection from cold
MPRegen  0.11/turn              j - -2 ring of evasion (curse)

@: brilliant, lethally poisoned (0 -> -4), tree-form
A: very small, no armour, no weapons or thrown items, stealth, see invisible,
carnivore, slow metabolism 1
a: no special abilities


You were on level 4 of the Dungeon.
You were not hungry.
You were a tree.
You visited 1 branch of the dungeon, and saw 4 of its levels.

You collected 143 gold pieces.

Inventory:

Jewellery
 g - a ring of protection from cold (left branch)
 j - a cursed -2 ring of evasion (right branch)
Scrolls
 c - 2 scrolls of fog
 d - 4 scrolls of teleportation
 e - a scroll of blinking
 l - a scroll of identify
Potions
 a - 2 potions of haste
 h - 2 potions of might
Comestibles
 b - 3 rations


   Skills:
 + Level 2.1 Fighting
 + Level 3.7 Dodging
 + Level 1.7 Stealth
 + Level 3.0 Unarmed Combat
 * Level 2.9 Spellcasting
 + Level 3.6 Charms
 * Level 1.0 Translocations


You had 2 spell levels left.
You knew the following spells:

 Your Spells              Type           Power        Failure   Level  Hunger
a - Infusion              Chrm           ####         1%          1    None
b - Shroud of Golubria    Chrm/Tloc      ###...       1%          2    ##.....
c - Song of Slaying       Chrm           ####....     1%          2    ##.....

Your spell library contained the following spells:

 Spells                   Type           Power        Failure   Level  Hunger
 Regeneration             Chrm/Necr      ###.......   2%          3    ###....
 Spectral Weapon          Hex/Chrm       Unusable     N/A         3    N/A

Dungeon Overview and Level Annotations

Branches:
Dungeon (4/15)
 Temple: D:4-7

Altars:

Annotations:
D:4 3 runed translucent doors, Aviak's ghost, amateur OgAK


Innate Abilities, Weirdness & Mutations

You cannot wear armour.
You are incapable of wielding weapons or throwing items.
Your paws allow you to move quietly. (Stealth)
((You have sharp claws.))
((You have razor-sharp teeth.))
You have supernaturally acute eyesight. (SInv)
You are carnivorous and can eat meat at any time.
((You cover ground quickly.))
((You are covered in fur. (AC +1)))
You have a slow metabolism.
((Your sharp claws are effective at attacking unaware monsters.))


Message History

The adder is severely wounded.
Your shroud bends the adder's attack away.
The adder bites you.
* * * LOW HITPOINT WARNING * * *
Your shroud falls apart!
You scratch the adder but do no damage.
The adder is severely wounded.
* * * LOW HITPOINT WARNING * * *
You feel sick. The adder bites you.
* * * LOW HITPOINT WARNING * * *
You are more poisoned.
The adder poisons you!
It was a potion of lignification.
You turn into a tree.
Your roots penetrate the ground.
The adder bites you but does no damage.
You barely miss the adder.
The adder is severely wounded.
The adder bites you but does no damage. x2
You miss the adder.
The adder is severely wounded.
You die...

#........#...#####
#.(......##.##P♣
#...........#KK..
#........##.+K###
###.##...# .+KW.
#..#...# +K##
##.#...# .
#######.#.##..
......S♣..# .#.
..........# .# #
.%.....%....#
###.##.....## #.
.....## # .##....
# #>.... #...###


You could see an adder.

Vanquished Creatures
  4 adders
  A dart slug (D:2)
  A leopard gecko (D:1)
  5 giant cockroaches
  A goblin (D:3)
  6 hobgoblins
  6 jackals
  A quokka (D:3)
  8 bats
  4 frilled lizards (D:1)
  7 kobolds
  4 rats
48 creatures vanquished.

Vanquished Creatures (others)
  A plant (D:4)
1 creature vanquished.

Grand Total: 49 creatures vanquished

Notes
Turn   | Place    | Note
-------+----------+-------------------------------------------
     0 | D:1      | Esekla the Felid Skald began the quest for the Orb.
     0 | D:1      | Reached XP level 1. HP: 9/9 MP: 4/4
   248 | D:1      | Reached XP level 2. HP: 7/13 MP: 3/6
   962 | D:1      | Reached XP level 3. HP: 15/16 MP: 7/7
  1132 | D:2      | Learned a level 2 spell: Song of Slaying
  1135 | D:2      | Learned a level 2 spell: Shroud of Golubria
  1278 | D:2      | Reached skill level 1 in Stealth
  1614 | D:3      | Reached XP level 4. HP: 19/19 MP: 6/9
  1832 | D:4      | Slain by a worker ant
  1833 | D:4      | Reached XP level 3. HP: -1/16 MP: 8/8
  1833 | D:4      | Found a runed translucent gate.
  1833 | D:4      | Found a runed translucent gate.
  1833 | D:4      | Found a runed translucent gate.
  1833 | D:4      | Noticed a big kobold
  1835 | D:4      | Identified the +9 whip of Strategic Superiority {drain,
                  | Int+2}
  1836 | D:4      | Noticed Aviak's ghost (amateur OgAK)
  1843 | D:4      | Reached skill level 1 in Translocations
  1864 | D:4      | Succumbed to an adder's poison

Levels and vault maps discovered:
D:1:      minmay_arrival_open_corners, layout_basic
D:2:      layout_rooms, minmay_pentomino_x2
D:3:      layout_basic, first_ration, palyth_stone_intersect
D:4:      layout_rooms, elyvilon_altar_4, gammafunk_ghost_nasty_kobolds,
          serial_shops, nicolae_shop_trees

Skill      XL: |  1  2  3 |
---------------+----------+-----
Stealth        | 1 |  1.7
Unarmed Combat | 3 |  3.0
Translocations | 1 |  1.0
Fighting       | |  2.1
Dodging        | |  3.7
Spellcasting   | |  2.9
Charms         | |  3.6

Action                   |  1- 3 |  4- 6 || total
-------------------------+-------+-------++-------
Melee: Unarmed           |   162 |    24 ||   186
       Bite              |     3 |     2 ||     5
       Punch             |     1 |       ||     1
 Cast: Infusion          |     5 |       ||     5
       Shroud of Golubri |     5 |       ||     5
  Use: Scroll            |     7 |       ||     7
       Potion            |     3 |       ||     3
 Stab: Sleeping          |     4 |     1 ||     5
  Eat: Chunk             |     5 |       ||     5
Armor: Skin              |    13 |     1 ||    14
Dodge: Dodged            |   140 |    14 ||   154
